Map: Odyssey LE

Players

VampyWorm

  • Race: Protoss Protoss
  • League: Master
  • Spawn Location: 11:00

McMonMEMEroe - Winner!

  • Race: Zerg Zerg
  • League: Master
  • Spawn Location: 5:00

VOD

https://go.twitch.tv/videos/186074637

Description

Time

  • Played on: Oct. 28, 2017, 12:17 p.m.
  • Length: 11:47
Show
View Real Time Build Order
Export as new Build Order

VampyWorm Protoss 

Build Orders: Zealot Archon, Dark Templar Rush 

Get SALT Encoding   

  12  0:01  Probe (Chrono Boost)  
  13  0:12  Probe (Chrono Boost)  
  14  0:22  Pylon  
  14  0:23  Probe (Chrono Boost)  
  15  0:40  Probe (Chrono Boost)  
  15  0:41  Gateway  
  16  0:44  Assimilator  
  16  0:50  Probe (Chrono Boost)  
  17  1:01  Probe (Chrono Boost)  
  18  1:05  Gateway  
  18  1:09  Assimilator  
  18  1:12  Probe (Chrono Boost)  
  19  1:23  Probe (Chrono Boost)  
  20  1:29  Cybernetics Core  
  20  1:33  Probe (Chrono Boost)  
  21  1:42  Pylon  
  21  1:44  Probe (Chrono Boost)  
  22  1:54  Probe (Chrono Boost)  
  23  2:07  Warp Gate (Chrono Boost), Adept x2 (Chrono Boost)  
  27  2:11  Mothership Core  
  29  2:24  Twilight Council  
  29  2:31  Adept (Chrono Boost)  
  29  2:35  Pylon  
  31  2:53  Probe  
  32  3:01  Dark Shrine  
  32  3:03  Gateway  
  32  3:13  Probe  
  33  3:39  Nexus  
  33  3:43  Pylon  
  29  3:49  Probe  
  30  4:01  Probe  
  31  4:13  Dark Templar x3, Probe  
  38  4:19  Gateway  
  38  4:24  Gateway  
  38  4:33  Pylon  
  38  4:36  Probe  
  39  4:45  Dark Templar  
  39  4:48  Probe  
  39  4:52  Assimilator  
  42  5:00  Probe  
  43  5:07  Dark Templar  
  43  5:08  Probe  
  43  5:13  Probe  
  41  5:19  Probe  
  42  5:25  Probe  
  42  5:28  Robotics Facility  
  43  5:29  Probe  
  44  5:37  Probe  
  44  5:40  Probe  
  46  5:44  Resonating Glaives, Assimilator  
  46  5:49  Probe  
  47  5:50  Pylon  
  47  5:51  Probe  
  48  6:17  Dark Templar x2  
  52  6:18  Adept x2  
  52  6:19  Adept  
  52  6:20  Observer  
  52  6:21  Probe x2  
  61  6:26  Archon  
  61  6:31  Probe  
  61  6:33  Probe  
  61  6:38  Nexus  
  61  6:39  Pylon  
  62  6:42  Probe  
  62  6:45  Probe  
  62  6:46  Pylon  
  64  6:51  Dark Templar x2  
  64  6:52  Probe  
  69  7:03  Probe x2  
  69  7:06  Dark Templar  
  69  7:07  Dark Templar  
  75  7:09  Archon  
  75  7:10  Archon  
  75  7:14  Probe  
  75  7:15  Probe  
  75  7:25  Probe  
  74  7:31  Charge  
  74  7:34  Adept x2  
  74  7:35  Pylon  
  78  7:38  Probe  
  78  7:39  Robotics Bay, Probe  
  80  7:49  Assimilator, Probe  
  80  7:51  Pylon  
  81  7:54  Adept  
  81  7:55  Adept, Stalker x2  
  81  7:58  Probe (Chrono Boost)  
  90  8:02  Probe (Chrono Boost)  
  90  8:03  Probe (Chrono Boost)  
  92  8:10  Probe (Chrono Boost)  
  92  8:11  Warp Prism (Chrono Boost)  
  95  8:13  Forge  
  95  8:14  Pylon, Probe x2 (Chrono Boost)  
  96  8:21  Probe (Chrono Boost)  
  96  8:23  Probe (Chrono Boost)  
  96  8:24  Probe (Chrono Boost)  
  99  8:32  Probe  
  100  8:35  Gateway  
  100  8:38  Gateway  
  100  8:40  Gateway  
  100  8:42  Probe  
  100  8:43  Assimilator  
  100  8:44  Colossus (Chrono Boost)  
  107  8:49  Adept  
  107  8:50  Adept, Stalker  
  107  8:52  Stalker  
  115  9:01  Probe  
  116  9:04  Protoss Ground Weapons Level 1 (Chrono Boost)  
  116  9:20  Extended Thermal Lance (Chrono Boost)  
  116  9:26  Adept x3, Templar Archives, Stalker  
  116  9:30  Probe  
  105  9:32  Observer (Chrono Boost), Probe x2  
  102  9:44  Probe x2  
  104  9:47  Colossus (Chrono Boost)  
  104  9:57  Probe  
  104  9:58  Probe x2  
  104  9:59  Psionic Storm  
  113  10:03  High Templar x2  
  117  10:08  Probe  
  117  10:10  Probe  
  117  10:11  Probe  
  120  10:18  Probe  
  121  10:22  Probe  
  121  10:23  Photon Cannon, Probe  
  121  10:24  Photon Cannon  
  121  10:26  Photon Cannon x2  
  114  10:29  Probe  
  114  10:33  Colossus  
  114  10:34  Probe  
  114  10:35  Probe  
  113  10:39  Probe  
  120  10:46  Adept x2  
  124  11:22  Nexus  
  124  11:24  Pylon x2  
  124  11:30  Probe  
Show
View Real Time Build Order
Export as new Build Order

McMonMEMEroe Zerg - Winner!

Build Orders: Hatch First 

Get SALT Encoding   

  12  0:00  Drone  
  13  0:12  Overlord  
  13  0:17  Drone  
  14  0:30  Drone x2  
  14  0:34  Drone  
  17  0:52  Hatchery  
  17  0:55  Drone  
  17  0:57  Drone  
  18  1:08  Extractor  
  17  1:13  Spawning Pool  
  17  1:15  Drone  
  17  1:19  Drone  
  18  1:27  Drone  
  19  1:38  Overlord  
  19  1:52  Drone  
  20  2:00  Queen  
  20  2:01  Zergling x2  
  23  2:03  Queen  
  23  2:04  Zergling x2  
  23  2:08  Metabolic Boost  
  26  2:11  Drone  
  26  2:15  Drone  
  28  2:23  Drone  
  28  2:28  Drone  
  30  2:33  Drone  
  31  2:41  Hatchery  
  30  2:45  Zergling x4  
  30  2:50  Zergling x2  
  33  2:54  Pneumatized Carapace  
  33  2:58  Overlord  
  33  3:06  Drone x2  
  35  3:17  Overlord  
  35  3:18  Drone x4  
  35  3:19  Drone  
  40  3:27  Drone  
  40  3:29  Queen  
  40  3:32  Overlord  
  43  3:46  Drone x6  
  48  3:53  Zergling x6, Spore Crawler  
  50  4:03  Evolution Chamber  
  50  4:04  Zergling x2  
  50  4:05  Zergling x4  
  50  4:08  Spore Crawler  
  50  4:09  Spore Crawler  
  50  4:12  Queen  
  50  4:15  Zergling x6  
  55  4:31  Drone  
  55  4:34  Zerg Melee Weapons Level 1  
  55  4:35  Zergling x14  
  63  4:43  Zergling x4  
  63  4:45  Lair  
  65  4:47  Drone  
  65  4:50  Extractor  
  64  4:57  Overlord x2  
  64  4:58  Overlord  
  57  5:10  Drone  
  57  5:11  Drone x5  
  59  5:18  Spore Crawler  
  59  5:20  Spore Crawler  
  58  5:22  Drone x2  
  58  5:23  Hatchery  
  60  5:38  Zergling x2, Spore Crawler  
  60  5:39  Zergling x6  
  62  5:50  Hatchery, Overseer  
  62  5:52  Zergling x2  
  62  5:53  Zergling x8  
  62  5:56  Drone  
  67  5:57  Baneling Nest  
  66  6:09  Drone x4  
  66  6:10  Drone  
  71  6:17  Overlord  
  71  6:21  Hatchery  
  71  6:22  Extractor  
  71  6:23  Extractor  
  71  6:24  Hydralisk Den  
  71  6:25  Drone x4  
  71  6:30  Drone  
  72  6:38  Zergling x8  
  76  6:43  Zerg Melee Weapons Level 2  
  76  6:52  Centrifical Hooks  
  76  6:59  Drone x6  
  82  7:05  Overlord x2  
  82  7:08  Muscular Augments  
  77  7:11  Overseer  
  77  7:15  Drone x3  
  80  7:17  Overlord  
  80  7:19  Drone  
  81  7:25  Drone x3  
  84  7:32  Hydralisk x3  
  90  7:43  Hydralisk x4  
  98  7:50  Drone x2  
  99  7:55  Hydralisk x2  
  103  8:00  Extractor  
  103  8:03  Zergling x8  
  106  8:09  Zergling x4  
  106  8:10  Hatchery  
  107  8:13  Baneling x9, Hatchery  
  106  8:23  Zergling x2  
  106  8:24  Zergling x14  
  114  8:28  Overlord  
  114  8:31  Overlord  
  114  8:37  Baneling x8  
  114  8:38  Baneling x2  
  114  8:44  Overlord  
  114  8:46  Drone x3  
  114  8:47  Extractor  
  116  8:50  Overlord x2  
  116  8:51  Drone x2  
  118  8:57  Overlord  
  118  8:58  Drone x5  
  118  9:01  Zerg Missile Weapons Level 1  
  123  9:06  Baneling x5  
  123  9:18  Drone x6  
  123  9:19  Drone x2  
  123  9:23  Overlord  
  130  9:35  Hydralisk x11  
  143  9:46  Hatchery  
  143  9:48  Baneling x4  
  143  9:50  Spore Crawler  
  141  9:54  Zergling x12  
  141  9:58  Overseer  
  147  10:11  Hydralisk x3  
  147  10:12  Zergling x24  
  147  10:13  Zergling x2  
  166  10:22  Hydralisk x2  
  166  10:23  Zergling x8  
  172  10:39  Zergling x6  
  172  10:40  Zergling x12  
  181  10:46  Infestation Pit  
  180  10:50  Extractor  
  180  10:52  Drone  
  180  10:53  Spine Crawler x3  
  180  10:56  Baneling  
  176  10:58  Baneling x15  
  176  11:01  Zergling x28  
  186  11:11  Zergling x4  
  188  11:13  Overlord x2  
  188  11:15  Baneling x13  
  188  11:16  Baneling x2  
  188  11:24  Baneling x12  
Tags
 
Composition
Zealot Archon
Matchup
PvZ
Replay Pack
MidWestLAN19 SC2
Spawn Locations
Cross Positions
Add a new tag
Caveats
  • Supply blocks, unpowered buildings, or Contaminate may cause inaccurate times.
  • Supply counts are checked every 10 seconds.